 Dungeon Crawl Stone Soup version 0.17-a0-1115-g0372368 (console) character file.

116 Monkaria the Skirmisher (level 4, -17/39 HPs)
             Began as a Demonspawn Chaos Knight on May 23, 2015.
             Demolished by an orc wizard
             ... wielding a +0 morningstar
              (19 damage)
             ... on level 3 of the Dungeon.
             The game lasted 00:04:33 (2012 turns).

Monkaria the Skirmisher (Demonspawn Chaos Knight)   Turns: 2012, Time: 00:04:33

Health: -17/39     AC:  6    Str: 14    XL:     4   Next: 70%
Magic:  4/4        EV: 14    Int: 13    God:    Xom [..*...]
Gold:   154        SH:  0    Dex: 12    Spells: 0 memorised, 3 levels left

rFire  . . .     SeeInvis .     a - +0 falchion (chaos)
rCold  . . .     Clarity  .     b - +2 leather armour
rNeg   . . .     SustAt   .     (no shield)
rPois  .         Gourm    .     (no helmet)
rElec  .         Spirit   .     (no cloak)
rCorr  .         Warding  .     (no gloves)
rMut   .         Stasis   .     l - +0 pair of boots
MR     .....                    (no amulet)
Stlth  +.........               (no ring)
                                (no ring)

@: not resistant to hostile enchantments, very unstealthy
A: repulsion field 2, demonic guardian 1
a: Renounce Religion


You were on level 3 of the Dungeon.
You worshipped Xom.
You were a toy of Xom.
You were not hungry.

You visited 1 branch of the dungeon, and saw 3 of its levels.

You collected 154 gold pieces.

Inventory:

Hand weapons
 a - a +0 falchion of chaos (weapon)
Armour
 b - a +2 leather armour (worn)
 l - a +0 pair of boots (worn)
Scrolls
 d - a scroll of fog {unknown}
 e - a scroll of recharging {unknown}
 f - 2 scrolls of immolation {unknown}
 h - a scroll of noise {unknown}
 i - 3 scrolls of identify {unknown}
 k - a scroll of enchant weapon {unknown}
 m - a scroll of enchant armour {unknown}
 n - a scroll of remove curse {unknown}
Potions
 g - a potion of degeneration {unknown}
 j - a potion of brilliance {unknown}
 o - a potion of heal wounds {unknown}
 q - a potion of haste {unknown}
 r - a potion of poison {unknown}
 t - a potion of curing {unknown}
Comestibles
 c - 2 bread rations
 p - 2 fruits
 s - 4 chunks of flesh


   Skills:
 - Level 5.2 Fighting
 + Level 3.1 Long Blades
 - Level 1.7 Armour
 - Level 0.8 Dodging


You had 3 spell levels left.
You didn't know any spells.

Dungeon Overview and Level Annotations

Branches:
Dungeon (3/15)

Altars:

Annotations:
D:3 Goodini51's ghost, average FoFi


Innate Abilities, Weirdness & Mutations

You are surrounded by a moderate repulsion field (EV +3).
A weak demonic guardian rushes to your aid.


Message History

You barely miss something.
Your quasit disappears in a puff of smoke!
The orc hits you but does no damage. Something hits you but does no damage.
The orc barely misses you.
Unknown command.
Unknown command.
You see here a tomahawk.
Unknown command.
You closely miss something. Something barely misses you.
You hit something. Something hits you but does no damage.
You miss something. Something completely misses you.
You miss something. You miss something. Something hits you.
You miss something. You hit something. Something hits you!
Something completely misses you.
You hit something. Something hits you!
* * * LOW HITPOINT WARNING * * *
You miss something. Something hits you!!
You die...
Xom snickers!

##....<###...#
##.#.#
##...##....##
#..#.##
###.....###
###.##..#
########.##.#
#...###.#
#.รท....#.##.#
#.###
#.#########
#..>...)....#
#)#
#..........
#..).(.######
#.#
##...######
#......#
#####(#
#....#.###
#......#
#)o{@(#
#(####...#
#......#
#...?##### #
###.# #......#
#.)..
####.####
#......# #....
#........
#......# #....
#........
######## #####
#........
#........
#........
#........


You could see an orc.

Vanquished Creatures
  5 adders
  4 giant geckos
  7 orcs (D:3)
  A ball python (D:1)
  11 bats
  2 giant cockroaches (D:1)
  5 hobgoblins
  2 jackals (D:2)
  3 quokkas (D:2)
  A giant gecko zombie (D:3)
  4 giant newts
  4 goblins
  9 kobolds
  6 rats
64 creatures vanquished.

Notes
Turn   | Place    | Note
--------------------------------------------------------------
     0 | D:1      | Monkaria the Demonspawn Chaos Knight began the quest for the Orb.
     0 | D:1      | Reached XP level 1. HP: 18/18 MP: 1/1
   195 | D:1      | Gained mutation: You are surrounded by a mild repulsion field (EV +2). [demonic ancestry]
   195 | D:1      | Reached XP level 2. HP: 24/24 MP: 2/2
   317 | D:1      | XOM: harmless Ice miscast
   348 | D:1      | XOM: harmless Fire miscast
   455 | D:1      | Reached skill level 4 in Fighting
   604 | D:2      | Gained mutation: You are surrounded by a moderate repulsion field (EV +3). [demonic ancestry]
   604 | D:2      | Reached XP level 3. HP: 25/30 MP: 3/3
   628 | D:2      | XOM: potion effect (might)
  1064 | D:2      | XOM: silly message
  1244 | D:2      | XOM: silly message
  1420 | D:2      | Reached skill level 5 in Fighting
  1420 | D:2      | Gained mutation: A weak demonic guardian rushes to your aid. [demonic ancestry]
  1420 | D:2      | Reached XP level 4. HP: 36/39 MP: 4/4
  1546 | D:2      | XOM: harmless Erth miscast
  1680 | D:3      | Noticed Goodini51's ghost (average FoFi)
  1729 | D:3      | XOM: silly message
  2012 | D:3      | Demolished by an orc wizard

Vault maps used:
D:1:      dpeg_arrival_long_road, hangedman_decor_riveting, minivault_27,
          minmay_fountain_box
D:3:      first_bread

Action                   |  1- 3 |  4- 6 || total
-------------------------+-------+-------++-------
Melee: Falchion          |   148 |    89 ||   237
 Stab: Paralysed         |     1 |       ||     1
  Eat: Chunk             |     1 |     3 ||     4
